 Dungeon Crawl Stone Soup version 0.29-a0-234-g0dae59b3db (webtiles) character file.

Game seed: 7896403188756771292

554 HotDog the Slasher (level 7, -2/61 HPs)
             Began as a Minotaur Fighter on Mar 2, 2022.
             Slain by a two-headed ogre
             ... wielding a +0 dire flail
              (10 damage)
             ... on level 5 of the Dungeon.
             The game lasted 00:05:19 (3770 turns).

HotDog the Slasher (Minotaur Fighter)               Turns: 3770, Time: 00:05:19

Health: -2/61      AC:  9    Str: 23    XL:     7   Next: 8%
Magic:  6/6        EV: 10    Int:  5    God:
Gold:   223        SH:  4    Dex:  9    Spells: 6/6 levels left

rFire   . . .      SeeInvis .   a - +2 long sword (vamp)
rCold   . . .      Faith    .   c - +0 buckler
rNeg    . . .      Spirit   .   b - +0 scale mail
rPois   +          Reflect  .   (helmet restricted)
rElec   .          Harm     .   (no cloak)
rCorr   .          Rampage  .   (no gloves)
Will    .....                   i - +1 pair of boots
Stlth   ..........              (no amulet)
HPRegen 0.20/turn               e - ring of poison resistance
MPRegen 0.10/turn               k - ring of flight

@: mighty, flying
A: horns 2, retaliatory headbutt
a: no special abilities


You were on level 5 of the Dungeon.
You visited 1 branch of the dungeon, and saw 5 of its levels.

You collected 223 gold pieces.

Inventory:

Hand Weapons
 a - a +2 vampiric long sword (weapon)
Armour
 b - a +0 scale mail (worn)
 c - a +0 buckler (worn)
 i - a +1 pair of boots (worn)
Jewellery
 e - a ring of poison resistance (left hand)
 k - a ring of flight (right hand)
Scrolls
 g - 2 scrolls of vulnerability
Potions
 d - 4 potions of might
 j - a potion of brilliance
 l - 2 potions of attraction
 m - a potion of flight
 n - a potion of haste
 o - a potion of cancellation {unknown}
 q - a potion of berserk rage {unknown}


   Skills:
 * Level 5.1 Fighting
 * Level 6.0 Long Blades
 * Level 5.4 Armour
 * Level 2.5 Dodging
 * Level 4.8 Shields


You had 6 spell levels left.
You didn't know any spells.
Your spell library contained the following spells:

 Spells                   Type           Power      Damage    Failure   Level
 Animate Skeleton         Necr           0%         N/A       86%         1
 Pain                     Necr           0%         1d4       86%         1
 Ozocubu's Armour         Ice            0%         N/A       99%         3
 Vampiric Draining        Necr           0%         2d6       99%         3
 Metabolic Englaciation   Hex/Ice        0%         N/A       100%        5
 Simulacrum               Ice/Necr       0%         N/A       100%        6


Dungeon Overview and Level Annotations

Branches:
Dungeon (5/15)
 Temple: D:4-7

Altars:
Gozag

Annotations:
D:2 1 runed translucent door, Crazy Yiuf


Innate Abilities, Weirdness & Mutations

You have a pair of horns on your head.
You reflexively headbutt those who attack you in melee.


Message History

An ice beast is nearby!
You slash the ice beast!
You kill the ice beast!
Your Long Blades skill increases to level 6!
You have reached level 7!
HP restored.
You now have 223 gold pieces (gained 12).
A two-headed ogre comes into view.
It is wielding a +0 dire flail and a +0 giant club.
A two-headed ogre is nearby!
Found a scroll labelled LAUCWIAKAS.
A two-headed ogre is nearby!
A two-headed ogre is nearby!
The two-headed ogre closely misses you.
The two-headed ogre hits you with a +0 giant club.
You slash the two-headed ogre!
The two-headed ogre is lightly wounded.
The two-headed ogre completely misses you.
The two-headed ogre hits you with a +0 giant club!!
You hit the two-headed ogre.
You feel better.
You headbutt the two-headed ogre.
The two-headed ogre is moderately wounded.
The two-headed ogre hits you with a +0 dire flail!
* * * LOW HITPOINT WARNING * * *
The two-headed ogre closely misses you.
You are too injured to fight recklessly!
You are too injured to fight recklessly!
Unknown command.
Okay, then.
You are confused.
You feel invigorated.
You feel very mighty all of a sudden.
The two-headed ogre hits you with a +0 dire flail!
* * * LOW HITPOINT WARNING * * *
The two-headed ogre hits you with a +0 giant club!
* * * LOW HITPOINT WARNING * * *
You feel less invigorated.
You feel less confused.
The two-headed ogre hits you with a +0 dire flail.
* * * LOW HITPOINT WARNING * * *
The two-headed ogre hits you with a +0 giant club!
You die...

#.# ### ## #.# # #.. .#
##.### # #.###.#
###....# # #.#....
......# ## #
#.#.#.#.###....###....
###.#.#.#..?............
......#.# #..O@#
###.#...#####....#
....#...##.##?...#
....##.###.##....#
....+............+
....###..#.##....# ....#
#..#.#######
............
####.##..#.##


You could see a two-headed ogre.

Vanquished Creatures
  A water moccasin (D:4)
  An ice beast (D:5)
  An ogre (D:4)
  A centaur (D:3)
  An orc wizard (D:4)
  7 adders
  A worm (D:2)
  4 dart slugs
  15 orcs (D:4)
  10 ball pythons
  5 bats
  5 endoplasms
  3 giant cockroaches
  3 goblins
  8 hobgoblins
  7 jackals
  7 kobolds
  2 quokkas
  4 frilled lizards
  7 rats
93 creatures vanquished.

Notes
Turn   | Place    | Note
-------+----------+-------------------------------------------
     0 | D:1      | HotDog the Minotaur Fighter began the quest for the Orb.
     0 | D:1      | Reached XP level 1. HP: 19/19 MP: 0/0
   149 | D:1      | Reached XP level 2. HP: 21/27 MP: 1/1
  1098 | D:2      | Reached skill level 3 in Long Blades
  1098 | D:2      | Reached XP level 3. HP: 33/33 MP: 2/2
  1410 | D:2      | Reached skill level 1 in Dodging
  1410 | D:2      | Reached XP level 4. HP: 39/40 MP: 3/3
  1663 | D:2      | Found a runed translucent door.
  1664 | D:2      | Noticed Crazy Yiuf
  2065 | D:3      | Reached skill level 4 in Long Blades
  2147 | D:3      | Found a faded altar of an unknown god.
  2195 | D:3      | Noticed a centaur
  2202 | D:3      | Killed a centaur
  2203 | D:3      | Reached XP level 5. HP: 30/47 MP: 4/4
  2663 | D:4      | Reached skill level 5 in Long Blades
  2838 | D:4      | Noticed an ogre
  2857 | D:4      | Killed an ogre
  2858 | D:4      | Reached XP level 6. HP: 34/53 MP: 5/5
  3158 | D:4      | Noticed a water moccasin
  3175 | D:4      | Killed a water moccasin
  3176 | D:4      | Reached skill level 5 in Armour
  3333 | D:4      | Reached skill level 5 in Fighting
  3359 | D:4      | Found an opulent altar of Gozag.
  3656 | D:5      | Entered Level 5 of the Dungeon
  3656 | D:5      | Noticed an ice beast
  3668 | D:5      | Killed an ice beast
  3669 | D:5      | Reached skill level 6 in Long Blades
  3669 | D:5      | Reached XP level 7. HP: 46/61 MP: 6/6
  3761 | D:5      | Noticed a two-headed ogre
  3770 | D:5      | Slain by a two-headed ogre

Illustrated notes

Levels and vault maps discovered:
D:1:      roderic_dead_forest, layout_loops_corners
D:2:      layout_rooms, minmay_octomino_e4, uniq_crazy_yiuf_cottage
D:3:      layout_basic, nicolae_ecumenical_oubliette
D:4:      layout_loops_corners, nicolae_overflow_hidden_temple
D:5:      layout_basic, minmay_misc_feat_room

Skill      XL: |  1  2  3  4  5  6 |
---------------+-------------------+-----
Fighting       | 4 5 |  5.1
Armour         | 4 5 |  5.4
Shields        | 4 |  4.8
Long Blades    | 3 4 5 6 |  6.0
Dodging        | 1 2 |  2.5

Action                   |  1- 3 |  4- 6 |  7- 9 || total
-------------------------+-------+-------+-------++-------
Melee: Long sword        |    87 |   165 |     2 ||   254
       Headbutt          |    16 |    18 |     1 ||    35
  Use: Scroll            |       |    12 |       ||    12
       Potion            |       |     4 |     2 ||     6
Armor: Scale mail        |    38 |    72 |       ||   110
Dodge: Dodged            |    45 |    96 |     3 ||   144
Block: Buckler           |    24 |    41 |       ||    65

Table legend: (Time is in decaauts)
 A = Elapsed time spent in this place.
 B = Non-inter-level travel time spent in this place.
 C = Inter-level travel time spent in this place.
 D = Time resting spent in this place.
 E = Time spent auto-exploring this place.
 F = Levels seen in this place.
 G = Mean time per level.
                   A        B        C        D        E       F      G
               +--------+--------+--------+--------+--------+-----+--------+
         Total |   3829 |   3642 |    187 |      0 |   2995 |   5 |  765.8 |
       Dungeon |   3829 |   3642 |    187 |      0 |   2995 |   5 |  765.8 |
               +--------+--------+--------+--------+--------+-----+--------+

Top non-repeatable levels by time:
     D:4: 1096 daAuts
     D:1: 1088 daAuts
     D:2: 834 daAuts
     D:3: 694 daAuts
     D:5: 115 daAuts
